 Dungeon Crawl Stone Soup version 0.25.1-9-gc5326a611f (webtiles) character file.

Game seed: 15820332849410692011

921563 Drachen the Divine Blade (level 27, -14/246 HPs)
             Began as a Demigod Gladiator on Oct 27, 2020.
             Killed from afar by a shard shrike (29 damage)
             ... with a shard of ice
             ... on level 7 of Cocytus on Jan 19, 2021.
             The game lasted 07:19:50 (96085 turns).

Drachen the Divine Blade (Demigod Gladiator)       Turns: 96085, Time: 07:19:51

Health: -14/246    AC: 41    Str: 45    XL:     27
Magic:  40/40      EV: 33    Int: 15    God:
Gold:   7708       SH: 30    Dex: 33    Spells: 25/42 levels left

rFire    + . .     SeeInvis .   e - +8 demon blade of Destiny {chaos, Str+4 Dex+6}
rCold    + + +     Gourm    .   V - +5 kite shield of Lumiwk {rElec rCorr Str+8}
rNeg     . . .     Faith    .   d - +8 orange crystal plate armour {Archmagi, Int+3 Clar}
rPois    +         Spirit   .   P - +0 helmet of Itytzaj {MR+ Slay+4}
rElec    +         Reflect  +   c - +1 cloak of Least Resistance {rC+ Str+3}
rCorr    +         Harm     .   a - +0 pair of gloves "Wabbos" {rF+ MR+ Str+3 Dex-3}
MR       ++++.     Clarity  +   u - +0 pair of boots "Huipn" {rElec Int-2 Dex+3 Stlth+}
Stlth    ..........             U - amulet "Qeoqy" {Reflect rPois SH+5}
HPRegen  0.51/turn              R - ring of Serendipity {Ice rPois Slay+5}
MPRegen  0.27/turn              i - ring of Suicidal Tendencies {rC+ Slay+6}

@: studying Bows
A: thin metallic scales 1, agile 1, berserk 1, blurry vision 1, clever 1,
deformed body, fire resistance 1, high mp 1, poison resistance, shaggy fur 1
}: 7/15 runes: serpentine, barnacled, slimy, silver, iron, bone, abyssal
a: no special abilities


You were on level 7 of Cocytus.
You were not hungry.

You visited 14 branches of the dungeon, and saw 74 of its levels.
You visited the Abyss 2 times.
You visited 1 bazaar.
You also visited: Trove, Ice Cave, Volcano and Desolation.

You collected 11832 gold pieces.
You spent 4124 gold pieces at shops.

Inventory:

Hand Weapons
 e - the +8 demon blade of Destiny (weapon) {chaos, Str+4 Dex+6}
   (You subdued it on level 2 of the Vaults)

   Each time it hits an enemy it has a different, random effect.
   It affects your strength (+4).
   It affects your dexterity (+6).
 M - a +7 vampiric double sword
 S - a +7 eudemon blade of holy wrath
 X - the +4 staff of Dispater
   (You took it off Dispater on level 7 of the Iron City of Dis)
Armour
 a - the +0 pair of gloves "Wabbos" (worn) {rF+ MR+ Str+3 Dex-3}
   (You found it in a treasure trove)

   It affects your strength (+3).
   It affects your dexterity (-3).
   It protects you from fire.
   It affects your resistance to hostile enchantments.
 c - the +1 cloak of Least Resistance (worn) {rC+ Str+3}
   (You found it in a treasure trove)

   It affects your strength (+3).
   It protects you from cold.
 d - the +8 orange crystal plate armour (worn) {Archmagi, Int+3 Clar}
   (You found it in a treasure trove)

   It affects your intelligence (+3).
   It protects you against confusion.
 u - the +0 pair of boots "Huipn" (worn) {rElec Int-2 Dex+3 Stlth+}
   (You acquired it on level 1 of the Depths)

   It affects your intelligence (-2).
   It affects your dexterity (+3).
   It insulates you from electricity.
   It makes you more stealthy.
 P - the +0 helmet of Itytzaj (worn) {MR+ Slay+4}
   (You acquired it on level 4 of the Lair of Beasts)

   It affects your accuracy and damage with ranged weapons and melee attacks
   (+4).
   It affects your resistance to hostile enchantments.
 V - the +5 kite shield of Lumiwk (worn) {rElec rCorr Str+8}
   (You found it on level 5 of the Pits of Slime)

   It affects your strength (+8).
   It insulates you from electricity.
   It provides partial protection from all sources of acid and corrosion.
Jewellery
 b - a +6 ring of strength
 g - the amulet of Pouben {Acrobat *Slow rN+++ MR- Int+6}
   (You found it on level 1 of the Depths)

   [amulet of the acrobat]

   It helps you evade while moving and waiting.
   It affects your intelligence (+6).
   It renders you almost immune to negative energy.
   It affects your resistance to hostile enchantments.
   It may slow you when you take damage.
 i - the ring of Suicidal Tendencies (right hand) {rC+ Slay+6}
   (You acquired it on level 3 of the Snake Pit)

   [ring of protection from cold]

   It affects your accuracy and damage with ranged weapons and melee attacks
   (+6).
   It protects you from cold.
 k - an uncursed ring of see invisible
 n - an uncursed ring of flight
 s - a +6 ring of intelligence
 t - an uncursed ring of stealth
 w - the ring of Rasilebu {+Blink rN+ MR+ SInv Stlth+}
   (You found it on level 7 of the Iron City of Dis)

   [ring of see invisible]

   It protects you from negative energy.
   It affects your resistance to hostile enchantments.
   It lets you see invisible.
   It lets you blink.
   It makes you more stealthy.
 B - the ring "Ekhlit" {Wiz *Corrode rF+ Str+4 SInv}
   (You found it on level 7 of the Iron City of Dis)

   [ring of wizardry]

   It improves your spell success rate.
   It affects your strength (+4).
   It protects you from fire.
   It lets you see invisible.
   It may corrode you when you take damage.
 C - an uncursed amulet of guardian spirit
 J - an uncursed ring of ice
 L - an uncursed ring of resist corrosion
 R - the ring of Serendipity (left hand) {Ice rPois Slay+5}
   (You took it off a fire giant on level 5 of the Vaults)

   [ring of ice]

   It enhances your ice magic.
   It affects your accuracy and damage with ranged weapons and melee attacks
   (+5).
   It makes you vulnerable to fire.
   It protects you from cold.
   It protects you from poison.
 U - the amulet "Qeoqy" (around neck) {Reflect rPois SH+5}
   (You took it off a deep elf mage on level 3 of the Elven Halls)

   [amulet of reflection]

   It shields you and reflects attacks.
   It protects you from poison.
   It affects your SH (+5).
 W - a +6 ring of dexterity
Wands
 o - a wand of clouds (4)
 N - a wand of iceblast (10)
 O - a wand of acid (14)
 T - a wand of digging (1)
Scrolls
 h - 34 scrolls of remove curse
 j - 12 scrolls of fog
 r - 3 scrolls of magic mapping
 y - 6 scrolls of fear
 z - 2 scrolls of holy word
 I - 10 scrolls of teleportation
Potions
 p - 8 potions of flight
 v - a potion of berserk rage
 x - 5 potions of curing
 A - 6 potions of brilliance
 D - 6 potions of magic
 E - 9 potions of might
 F - a potion of haste
 H - 2 potions of cancellation
 K - 2 potions of resistance
Books
 l - a manual of Bows
Miscellaneous
 m - the horn of Geryon (inert)
 q - 8 phantom mirrors
 G - 5 boxes of beasts
 Q - a lightning rod (4/4)
 Y - a phial of floods
Comestibles
 f - 45 rations


   Skills:
 - Level 20.0 Fighting
   Level 3.0(17.4) Short Blades
 - Level 24.9(25.0) Long Blades
 - Level 2.0 Throwing
 + Level 22.6 Armour
 - Level 24.0 Dodging
 + Level 19.4 Shields
 - Level 8.0 Spellcasting
 - Level 7.0 Charms
 + Level 12.4 Translocations
 - Level 7.0 Air Magic
 - Level 15.1 Evocations


You had 25 spell levels left.
You knew the following spells:

 Your Spells              Type           Power        Failure   Level  Hunger
a - Blink                 Tloc           N/A          1%          2    None
b - Apportation           Tloc           ######       1%          1    None
c - Shroud of Golubria    Chrm/Tloc      ######       1%          2    None
d - Controlled Blink      Tloc           N/A          100%        8    #######
e - Swiftness             Chrm/Air       #####...     4%          2    None
f - Song of Slaying       Chrm           #####...     4%          2    None

Your spell library contained the following spells:

 Spells                   Type           Power        Failure   Level  Hunger
 Gell's Gravitas          Tloc           ######....   1%          3    ##.....
 Lesser Beckoning         Tloc           ######....   1%          3    ##.....
 Teleport Other           Tloc           ######..     1%          3    ##.....
 Infusion                 Chrm           ####         2%          1    None
 Passage of Golubria      Tloc           N/A          3%          4    ####...
 Shock                    Conj/Air       ###.         12%         1    None
 Portal Projectile        Hex/Tloc       #####.       12%         3    ##.....
 Corpse Rot               Necr/Air       N/A          17%         2    None
 Poisonous Vapours        Pois/Air       ###...       17%         2    None
 Airstrike                Air            #####.....   26%         4    ####...
 Ozocubu's Armour         Chrm/Ice       #####...     34%         3    ##.....
 Spectral Weapon          Hex/Chrm       ###.....     34%         3    ##.....
 Static Discharge         Conj/Air       ###.....     34%         3    ##.....
 Iskenderun's Mystic Bla  Conj/Tloc      #####...     36%         4    ####...
 Dispersal                Tloc           ######....   41%         6    #######
 Animate Skeleton         Necr           N/A          43%         1    None
 Beastly Appendage        Tmut           #.....       43%         1    None
 Corona                   Hex            #......      43%         1    None
 Foxfire                  Conj/Fire      #...         43%         1    None
 Freeze                   Ice            ##..         43%         1    None
 Magic Dart               Conj           #...         43%         1    None
 Pain                     Necr           #...         43%         1    None
 Sandblast                Erth           #.....       43%         1    None
 Sting                    Tmut/Pois      #...         43%         1    None
 Summon Butterflies       Summ           #.......     43%         1    None
 Summon Small Mammal      Summ           #...         43%         1    None
 Mephitic Cloud           Conj/Pois/Air  ###.....     50%         3    ##.....
 Call Imp                 Summ           #.......     58%         2    None
 Ensorcelled Hibernation  Hex/Ice        ##....       58%         2    None
 Passwall                 Tmut/Erth      #.......     58%         2    None
 Searing Ray              Conj           #.....       58%         2    None
 Slow                     Hex            #.......     58%         2    None
 Sticks to Snakes         Tmut           #.......     58%         2    None
 Sublimation of Blood     Necr           #.........   58%         2    None
 Summon Forest            Summ/Tloc      #####.....   71%         5    #####..
 Summon Lightning Spire   Summ/Air       ###.....     75%         4    ####...
 Confusing Touch          Hex            #.......     82%         3    ##.....
 Conjure Flame            Conj/Fire      #.......     82%         3    ##.....
 Dazzling Flash           Conj/Hex       #.....       82%         3    ##.....
 Frozen Ramparts          Ice            ##....       82%         3    ##.....
 Ignite Poison            Fire/Tmut/Pois #.......     82%         3    ##.....
 Inner Flame              Hex/Fire       #.......     82%         3    ##.....
 Spider Form              Tmut/Pois      #.........   82%         3    ##.....
 Stone Arrow              Conj/Erth      #.....       82%         3    ##.....
 Tukima's Dance           Hex            #.......     82%         3    ##.....
 Vampiric Draining        Necr           #.........   82%         3    ##.....
 Excruciating Wounds      Chrm/Necr      ###.......   97%         5    #####..
 Lightning Bolt           Conj/Air       ###.......   97%         5    #####..
 Silence                  Hex/Air        ###.......   97%         5    #####..
 Animate Dead             Necr           N/A          99%         4    ####...
 Cause Fear               Hex            #.........   99%         4    ####...
 Dispel Undead            Necr           #.......     99%         4    ####...
 Fulminant Prism          Conj/Hex       #.........   99%         4    ####...
 Hailstorm                Conj/Ice       ##......     99%         4    ####...
 Ice Form                 Ice/Tmut       ##......     99%         4    ####...
 Leda's Liquefaction      Hex/Erth       #.........   99%         4    ####...
 Olgreb's Toxic Radiance  Pois           #.......     99%         4    ####...
 Petrify                  Tmut/Erth      #.......     99%         4    ####...
 Sticky Flame             Conj/Fire      #.......     99%         4    ####...
 Summon Ice Beast         Ice/Summ       ##......     99%         4    ####...
 Agony                    Necr           #.......     100%        5    #####..
 Alistair's Intoxication  Tmut/Pois      #.......     100%        5    #####..
 Blade Hands              Tmut           #.........   100%        5    #####..
 Bolt of Magma            Conj/Fire/Erth #.........   100%        5    #####..
 Fireball                 Conj/Fire      #.........   100%        5    #####..
 Irradiate                Conj/Tmut      #.........   100%        5    #####..
 Lee's Rapid Deconstruct  Erth           #.........   100%        5    #####..
 Metabolic Englaciation   Hex/Ice        ##........   100%        5    #####..
 Yara's Violent Unravell  Hex/Tmut       #.........   100%        5    #####..
 Conjure Ball Lightning   Conj/Air       ###.......   100%        6    #######
 Death Channel            Necr           #.........   100%        6    #######
 Eringya's Noxious Bog    Tmut/Pois      #.........   100%        6    #######
 Freezing Cloud           Conj/Ice/Air   ####......   100%        6    #######
 Hydra Form               Tmut           #.........   100%        6    #######
 Invisibility             Hex            #.......     100%        6    #######
 Iron Shot                Conj/Erth      #.........   100%        6    #######
 Ozocubu's Refrigeration  Ice            ##........   100%        6    #######
 Simulacrum               Ice/Necr       ##........   100%        6    #######
 Statue Form              Tmut/Erth      #........    100%        6    #######
 Dragon Form              Tmut           #.........   100%        7    #######
 Haunt                    Necr/Summ      #.........   100%        7    #######
 Malign Gateway           Summ/Tloc      #####.....   100%        7    #######
 Monstrous Menagerie      Summ           #.........   100%        7    #######
 Ring of Flames           Chrm/Fire      ###.......   100%        7    #######
 Spellforged Servitor     Conj/Summ      #.........   100%        7    #######
 Summon Greater Demon     Summ           #.........   100%        7    #######
 Summon Hydra             Summ           #.........   100%        7    #######
 Borgnjor's Revivificati  Necr           #.........   100%        8    #######
 Chain Lightning          Conj/Air       ###.......   100%        8    #######
 Death's Door             Chrm/Necr      ###.......   100%        8    #######
 Discord                  Hex            #.........   100%        8    #######
 Disjunction              Tloc           ######....   100%        8    #######
 Infestation              Necr           #.........   100%        8    #######
 Lehudib's Crystal Spear  Conj/Erth      #.........   100%        8    #######
 Necromutation            Tmut/Necr      #.........   100%        8    #######
 Summon Horrible Things   Summ           #.........   100%        8    #######
 Absolute Zero            Ice            ##........   100%        9    #######
 Fire Storm               Conj/Fire      #.........   100%        9    #######
 Shatter                  Erth           #.........   100%        9    #######
 Tornado                  Air            #####.....   100%        9    #######


Dungeon Overview and Level Annotations

Branches:
Dungeon (15/15)            Temple (0/1) D:6            Lair (6/6) D:11
 Shoals (4/4) Lair:4        Snake (4/4) Lair:4        Slime (5/5) Lair:5
    Orc (2/2) D:10            Elf (3/3) Orc:2        Vaults (5/5) D:14
  Crypt (3/3) Vaults:3       Tomb (0/3) Crypt:3      Depths (5/5) D:15
   Hell (visited)             Dis (7/7) Hell            Geh (0/7) Hell
    Coc (6/7) Hell            Tar (7/7) Hell            Zot (0/5) Depths:5
  IceCv (visited)         Volcano (visited)         Desolation (visited)

Shops:
D:13 (   Orc:1 =   Orc:2 ([*=   Elf:3 *   Shoals:3 }   Snake:1 =}=   Vaults:2 :
Vaults:3 [   Depths:4 ((?%

Portals:
Hell: Depths:1 Depths:2 Depths:3 Depths:4 Depths:5
Pandemonium: Depths:1 Depths:3 Depths:5
Ziggurat: Depths:2


Innate Abilities, Weirdness & Mutations

You have an increased reservoir of magic. (+10% MP)
You are partially covered in thin metallic scales. (AC +2)
You are agile. (Dex +2)
You tend to lose your temper in combat.
Scrolls take you a little longer to read.
Your mind is acute. (Int +2)
Armour fits poorly on your strangely shaped body.
Your flesh is heat resistant. (rF+)
Your system is resistant to poisons. (rPois)
You are covered in fur. (AC +1)


Message History

Your hell beast bites the quicksilver dragon skeleton!
Your hell beast tramples the quicksilver dragon skeleton!
The quicksilver dragon skeleton holds its ground!
Your hell beast misses the shard shrike. x2
The freezing wraith closely misses you.
You riposte.
You slash the freezing wraith!
The freezing wraith is moderately damaged.
You block the freezing wraith's attack. The shard shrike barely misses you.
The quicksilver dragon skeleton misses your hell beast.
The quicksilver dragon skeleton claws your hell beast!
Your hell beast closely misses the shard shrike.
Your hell beast tramples the shard shrike.
The shard shrike holds its ground!
The shard shrike completely misses you.
Your hell beast bites the quicksilver dragon skeleton!
Your hell beast tramples the quicksilver dragon skeleton.
The quicksilver dragon skeleton holds its ground!
A white imp comes into view.
The shard shrike spits a shard of ice at you.
The shard of ice hits you!! You partially resist.
You die...

,,,,,,,,.≈≈≈≈≈≈≈≈≈≈≈≈≈≈≈≈,≈≈≈≈≈≈≈
≈≈≈≈≈≈≈≈≈≈≈≈≈.≈≈≈≈≈≈≈≈≈≈≈,≈≈≈≈≈≈≈
≈≈≈≈≈≈≈≈≈≈≈≈..≈≈≈≈≈≈≈≈≈≈≈,≈≈≈≈≈≈≈
≈≈≈≈≈≈≈≈≈≈≈≈≈≈..≈≈≈≈≈≈≈≈≈,≈≈≈≈≈≈≈
≈≈≈≈≈≈≈≈≈≈≈≈≈≈≈...≈.≈≈≈≈≈,,≈≈≈≈≈≈
≈≈≈≈≈≈≈≈≈≈≈≈≈≈≈≈E.25.≈≈≈4,,≈,≈≈≈≈
≈≈≈≈≈≈≈≈≈≈≈≈≈≈≈Wbb#******,*,≈≈≈≈≈
≈≈≈≈≈≈≈≈≈≈≈≈≈≈Zb.##,,,,,,,*,,≈≈≈≈
≈≈≈≈≈≈≈≈≈≈≈≈≈≈≈2@#,,,,,,,,*,,,≈≈≈
≈≈≈≈≈≈≈≈≈≈≈≈≈≈≈....$$$$$,**,,,,≈≈
≈≈≈≈≈≈≈≈≈≈≈≈≈≈≈≈≈..#####**,,,,≈≈≈
≈≈≈≈≈≈≈≈≈≈≈≈≈≈≈≈≈....,,,,≈≈,,≈≈≈≈
≈≈≈≈≈≈≈≈≈≈≈≈≈≈≈≈.....≈≈≈≈≈≈≈≈≈≈≈≈
≈≈≈≈≈≈≈≈≈≈≈≈≈≈≈≈...≈..≈≈≈≈≈≈≈≈≈≈≈
≈≈≈≈≈≈≈≈≈≈≈≈≈....≈≈≈≈..≈≈≈≈≈≈≈≈≈≈
,,≈≈≈≈≈≈≈≈≈≈...≈≈≈≈≈≈≈..,,,≈≈****
≈≈≈≈≈≈≈≈≈≈,,,,≈≈≈≈≈≈≈≈≈≈≈,,,**,,*


You could see 3 shard shrikes, an elemental wellspring, a freezing wraith, a
quicksilver dragon skeleton and 2 friendly hell beasts.

Vanquished Creatures
  Ereshkigal (Tar:7)
  the Royal Jelly (Slime:5)
  the Serpent of Hell (Dis:7)
  6 ancient liches
  Dispater (Dis:7)
  Mennas (Depths:3)
  A juggernaut (Depths:5)
  4 shard shrikes
  Saint Roka (Vaults:3)
  Bai Suzhen (Depths:2)
  Xtahua (Vaults:3)
  Geryon (Hell)
  The ghost of Qasoqan the Sorcerer, a veteran DEVM of Vehumet (Vaults:2)
  6 golden dragons
  the Enchantress (Depths:3)
  The ghost of Serch the Executioner, an adept MiFi of the Shining One (Crypt:2)
  Nikola (Shoals:1)
  10 doom hounds
  25 Tzitzimimeh
  14 bone dragons
  4 Brimstone Fiends (Dis:7)
  8 iron giants
  11 liches
  6 Ice Fiends
  7 tentacled monstrosities
  10 titans
  6 Hell Sentinels
  5 deep elf blademasters
  5 deep elf master archers (Elf:3)
  Asterion (Depths:2)
  7 quicksilver dragons
  5 sphinxes
  24 acid blobs
  Polyphemus (Shoals:2)
  12 tentacled starspawn (Abyss:4)
  2 thorn hunters (Depths:3)
  2 Executioners
  17 shadow dragons
  3 tengu reavers
  5 storm dragons
  Roxanne (D:15)
  Ilsuiw (Shoals:2)
  7 nagarajas (Snake:4)
  16 ancient champions
  12 azure jellies
  A draconian monk (Abyss:4)
  12 deep elf sorcerers
  10 fire giants
  3 revenants
  13 iron dragons
  2 draconian shifters
  3 balrugs
  2 orc warlords
  6 frost giants
  2 cacodemons
  16 vault wardens
  3 curse skulls
  6 ghouls (Crypt:1)
  20 ironheart preservers
  5 deep elf elementalists
  45 reapers
  21 war gargoyles
  19 stone giants
  3 spriggan defenders (Depths:2)
  21 very ugly things
  18 vampire knights
  7 deep elf demonologists
  2 entropy weavers
  2 white draconians
  A green draconian (Depths:5)
  A red draconian (Abyss:4)
  The ghost of strmdvr the Thaumaturge, a journeyman GnWz of Okawaru (Lair:4)
  28 starcursed masses (Abyss:4)
  3 black draconians (Depths:5)
  A yellow draconian (Abyss:4)
  9 spark wasps (Depths:5)
  2 deep elf annihilators (Elf:3)
  A lorocyproca (Hell)
  2 halazid warlocks (Desolation)
  8 crystal guardians
  2 purple draconians (Depths:5)
  10 eidola
  11 ettins
  2 merfolk javelineers (Shoals:4)
  2 green deaths (Abyss:4)
  Josephine (Shoals:1)
  2 quicksilver dragon zombies
  12 great orbs of eyes
  7 jiangshi
  10 blizzard demons
  10 deep elf death magi
  7 death oozes
  3 merfolk impalers (Shoals:4)
  9 ragged hierophants
  2 kraken zombies (Coc:1)
  12 naga warriors
  5 deep elf high priests
  17 yaktaur captains
  34 vault guards
  12 ice dragons
  6 rakshasas
  3 servants of whispers (Desolation)
  12 hydras
  Erolcha (D:11)
  4 peacekeepers (Desolation)
  12 fire dragons
  Harold (D:7)
  3 spriggan air magi (Depths:3)
  2 hell beasts
  2 quicksilver dragon skeletons
  4 merfolk aquamancers
  16 ogre magi
  13 centaur warriors
  2 catoblepae
  16 anacondas
  2 death knights
  2 ghost crabs
  3 satyrs (Shoals:4)
  3 alligators (Depths:3)
  An alligator snapping turtle (Shoals:4)
  5 tengu warriors
  33 dancing weapons
  8 deep troll earth magi
  6 hell hogs
  15 thrashing horrors (Abyss:4)
  51 two-headed ogres
  3 death yaks (Shoals:2)
  36 hell knights
  5 deep troll shamans
  15 naga sharpshooters
  18 vampire magi
  28 small abominations
  Urug (D:11)
  9 shock serpents
  7 spriggan berserkers
  6 orc high priests
  14 iron golems
  27 deep elf knights
  2 titan zombies
  Sonja (Orc:1)
  5 sun demons
  15 wretched stars (Abyss:4)
  Nergalle (Orc:1)
  3 storm dragon zombies
  A fire crab (Vaults:4)
  4 spatial maelstroms (Abyss:4)
  A shock serpent (shapeshifter) (Vaults:5)
  13 iron trolls
  116 skeletal warriors
  4 salamander mystics
  15 anaconda zombies
  2 sixfirhies (Abyss:4)
  9 shadow wraiths
  A golden dragon zombie (Dis:5)
  6 titan skeletons
  6 storm dragon skeletons
  A death drake (Abyss:4)
  4 ghost moth zombies
  4 swamp dragons
  6 glowing orange brains
  A quicksilver dragon simulacrum (Crypt:2)
  6 unseen horrors
  A torturous demonspawn (Depths:3)
  8 sea snakes
  A gelid demonspawn (Depths:3)
  20 deep trolls
  11 flayed ghosts
  15 shadow demons
  23 ironbrand convokers
  20 orc knights
  A golden dragon skeleton (Abyss:4)
  2 orange crystal statues
  5 wizards
  11 mana vipers
  6 shadow dragon zombies
  A tengu zombie (Vaults:5)
  4 anaconda skeletons
  26 phantasmal warriors
  A wolf spider zombie (Tar:6)
  20 deep elf archers
  10 naga ritualists
  10 necromancers
  7 frost giant zombies
  4 stone giant zombies
  18 harpies
  7 wolf spiders
  79 deep elf magi
  5 oklob plants
  19 salamanders
  4 shadow dragon skeletons
  5 iron dragon zombies
  2 shining eyes (shapeshifter)
  37 large abominations
  9 orc sorcerers
  38 ugly things
  15 manticores
  2 worldbinders (Abyss:4)
  6 shining eyes
  6 cyclopes
  A human zombie (Vaults:5)
  A salamander (shapeshifter) (Vaults:3)
  7 merfolk sirens
  10 fire giant zombies
  10 fauns
  3 frost giant skeletons
  5 fire giant skeletons
  2 elephants (Lair:3)
  A guardian serpent (shapeshifter) (Vaults:5)
  2 titan simulacra (Crypt:2)
  16 naga magi
  14 vault sentinels
  A black mamba (shapeshifter) (Vaults:4)
  11 smoke demons
  28 black mambas
  An iron dragon skeleton (Coc:2)
  29 rust devils
  2 dire elephant zombies
  4 gargoyles (Crypt:3)
  4 stone giant skeletons
  An eye of devastation (shapeshifter) (Depths:2)
  An elephant slug zombie (Crypt:1)
  2 apocalypse crabs (Abyss:4)
  12 guardian serpents
  2 ice statues
  6 water nymphs
  A torpor snail (shapeshifter) (Abyss:4)
  17 hellions
  A shock serpent skeleton (Crypt:1)
  5 orange demons
  A spiny frog (shapeshifter) (Abyss:4)
  An eye of devastation (Slime:5)
  Maggie (D:7)
  A molten gargoyle (Desolation)
  A torpor snail (Lair:5)
  A yaktaur (shapeshifter) (Vaults:2)
  5 efreet
  A redback zombie (Crypt:2)
  5 demonic crawlers (Abyss:4)
  An emperor scorpion zombie (Dis:5)
  20 spiny frogs
  6 spriggan zombies
  4 storm dragon simulacra
  40 freezing wraiths
  3 rime drakes
  A pale draconian zombie (Crypt:1)
  A yaktaur zombie (Hell)
  3 guardian mummies (Crypt:3)
  2 death yak skeletons (Crypt:1)
  3 dire elephant skeletons
  35 tormentors
  An iron troll zombie (Dis:5)
  10 komodo dragons
  16 ancient zymes
  A white draconian skeleton (Coc:2)
  83 yaktaurs
  23 ice devils
  2 catoblepas zombies
  9 red devils
  6 tengu conjurers
  A harpy zombie (Crypt:1)
  4 human skeletons (Vaults:3)
  5 anaconda simulacra
  2 hellwings (Abyss:4)
  2 ghost moth simulacra (Crypt:2)
  13 merfolk
  A silent spectre (Tar:7)
  A queen bee (Abyss:4)
  8 hydra zombies
  5 meliai (Abyss:4)
  A minotaur skeleton (Crypt:2)
  A polar bear (shapeshifter) (Vaults:3)
  6 hornets
  A yaktaur skeleton (Vaults:3)
  16 polar bears
  A shadow dragon simulacrum (Crypt:2)
  A moth of wrath zombie (Crypt:1)
  8 trolls
  A black draconian skeleton (Crypt:2)
  2 wolf spider simulacra
  A hornet (shapeshifter) (Abyss:4)
  2 iron troll skeletons
  3 tyrant leeches (Lair:6)
  2 wind drakes
  A meliai (shapeshifter) (Vaults:1)
  A wind drake (shapeshifter) (Depths:3)
  6 fire dragon zombies
  16 dream sheep
  A dream sheep (shapeshifter) (Vaults:5)
  7 hippogriffs
  26 blink frogs
  An iron dragon simulacrum (Crypt:2)
  61 saltlings
  A blink frog (shapeshifter) (Vaults:2)
  5 ettin zombies
  86 slime creatures
  6 hydra skeletons
  A jumping spider zombie (Crypt:2)
  3 frost giant simulacra
  9 snapping turtles
  21 raiju
  5 ice dragon zombies
  A stone giant simulacrum (Vaults:1)
  An alligator skeleton (Coc:2)
  2 ice dragon skeletons
  2 fire dragon skeletons
  A black mamba zombie (Tar:6)
  3 ettin skeletons
  66 flying skulls
  8 ynoxinuls (Abyss:4)
  A spriggan simulacrum (Depths:1)
  Sigmund (D:4)
  3 redbacks (Vaults:4)
  3 spriggans
  31 shadows
  4 air elementals
  46 yaks
  An ushabti (Crypt:3)
  2 vampires
  A wyvern (D:11)
  35 wraiths
  8 hungry ghosts
  4 hogs (D:7)
  2 tarantellas (shapeshifter)
  5 basilisks
  11 neqoxecs
  7 chaos spawn (Abyss:4)
  13 water elementals
  A yaktaur simulacrum (Vaults:4)
  Eustachio (D:4)
  12 fire elementals
  9 golden eyes
  17 humans
  9 vampire mosquitoes
  6 wargs
  A catoblepas simulacrum (Crypt:2)
  A swamp worm (shapeshifter) (D:15)
  2 harpy simulacra (Crypt:2)
  60 nagas
  6 insubstantial wisps (Abyss:4)
  Edmund (D:4)
  Duvessa (D:4)
  40 hell hounds
  A soldier ant (D:12)
  5 swamp worms (Depths:3)
  An orb spider zombie (Crypt:1)
  5 acid dragons
  3 deep troll zombies
  2 spatial vortices (Abyss:4)
  A soldier ant (shapeshifter) (Vaults:4)
  A torturous demonspawn skeleton (Crypt:2)
  A floating eye (shapeshifter) (Vaults:4)
  15 water moccasins
  3 floating eyes
  6 spiny frog zombies
  6 porcupines
  2 black bears
  10 ice beasts
  An ettin simulacrum (Vaults:5)
  2 swamp drakes (Depths:3)
  An alligator simulacrum (Coc:1)
  2 snapping turtle zombies
  4 spiny frog skeletons
  2 eyes of draining
  64 orc warriors
  A hornet zombie (D:10)
  2 sky beasts
  4 swamp dragon zombies
  An elephant zombie (Crypt:1)
  28 necrophages
  3 ice dragon simulacra (Crypt:2)
  9 phantoms
  10 boggarts
  2 eyes of draining (shapeshifter)
  48 ogres
  A snapping turtle skeleton (Crypt:1)
  45 wolves
  19 centaurs
  16 crocodiles
  An elf skeleton (Vaults:3)
  30 bullfrogs
  3 earth elementals (Elf:1)
  A draconian skeleton (Crypt:2)
  Dowan (D:3)
  2 snapping turtle simulacra (Crypt:2)
  28 wights
  A polar bear zombie (Crypt:2)
  21 killer bees
  5 electric eels
  A howler monkey (D:11)
  13 crimson imps
  2 bullfrog zombies
  2 quasits
  2 human simulacra
  25 iron imps
  3 jellies
  33 orc priests
  2 bullfrog skeletons
  11 hounds
  6 iguanas
  A gnoll shaman (D:9)
  2 centaur skeletons
  57 orc wizards
  5 worker ants
  A naga zombie (Dis:5)
  An ogre zombie (Dis:3)
  A hound zombie (D:9)
  3 hound skeletons
  12 mummies
  Robin (D:4)
  5 gnolls
  18 adders
  13 shadow imps
  7 white imps
  4 ufetubi
  3 oozes
  An adder skeleton (D:4)
  4 worms
  A barachi zombie (Crypt:1)
  4 dart slugs
  5 leopard geckos
  137 orcs
  2 ball pythons
  8 bats
  4 giant cockroaches
  15 goblins
  15 hobgoblins
  11 jackals
  5 quokkas
  7 frilled lizards
  8 kobolds
  A leopard gecko skeleton (D:8)
  A quokka skeleton (D:5)
  7 rats
  2 briar patches (Depths:3)
  3 crawling corpses (Elf:3)
  A lurking horror (Abyss:4)
  2 plants
  10 starspawn tentacles (Abyss:4)
  6 tentacles (Coc:1)
3982 creatures vanquished.

Vanquished Creatures (collateral kills)
  Dissolution (Slime:5)
  A bone dragon (Tar:6)
  A doom hound (Tar:6)
  A lich (Tar:5)
  2 shadow dragons (Tar:6)
  A daeva (Abyss:4)
  3 very ugly things (Abyss:4)
  2 reapers
  A blizzard demon (Hell)
  A satyr (Abyss:4)
  3 large abominations (Abyss:4)
  2 raiju (Abyss:4)
  A flying skull (Tar:7)
  A ynoxinul (Abyss:4)
  2 small abominations (Abyss:4)
  A starcursed mass (Abyss:4)
  An eye of draining (Abyss:4)
  A manticore skeleton (Abyss:4)
26 creatures vanquished.

Vanquished Creatures (others)
  2 war gargoyles (Dis:7)
  An elemental wellspring (Coc:2)
  An ettin (Vaults:5)
  A crystal guardian (Depths:1)
  A blizzard demon (Hell)
  The ghost of Asymodius the Basher, a journeyman DsCK of Xom (Lair:2)
  A naga warrior (Snake:4)
  A peacekeeper (Desolation)
  A hydra (Lair:3)
  A centaur warrior (D:13)
  A death knight (Vaults:5)
  2 satyrs (Shoals:4)
  A death yak (Shoals:2)
  A hell hog (Abyss:4)
  A thrashing horror (Abyss:4)
  An iron troll (Dis:7)
  An iron golem (Dis:7)
  A skeletal warrior (Tar:2)
  A shadow wraith (Vaults:4)
  2 necromancers
  A manticore (Shoals:4)
  A salamander (Volcano)
  3 starcursed masses (Abyss:4)
  2 fauns (Shoals:4)
  4 elephants (Lair:3)
  A merfolk siren (Shoals:4)
  A guardian serpent (Desolation)
  A centaur skeleton (D:13)
  A rust devil (Hell)
  2 spiny frogs
  A komodo dragon (Lair:1)
  An ice devil (Dis:7)
  An efreet (D:14)
  A hornet (Vaults:5)
  6 blink frogs
  A dream sheep (Shoals:1)
  2 slime creatures (D:12)
  A flying skull (Tar:7)
  10 yaks
  A warg (Lair:3)
  2 water moccasins
  A porcupine (Lair:3)
  An orc warrior (Vaults:5)
  An ice beast (D:13)
  A wolf (Lair:3)
  An ogre (Vaults:5)
  A small abomination (Abyss:4)
  A jelly (D:13)
  An iron imp (Dis:7)
  An orc wizard (Orc:2)
  A mummy (Dis:5)
  A shadow imp (Tar:6)
  3 orcs
  A quokka (D:6)
  10 fungi
  6 lurking horrors (Abyss:4)
  64 plants
  37 starspawn tentacles (Abyss:4)
  9 tentacles (Coc:1)
  A withered plant (Shoals:4)
209 creatures vanquished.

Grand Total: 4217 creatures vanquished

Notes
Turn   | Place    | Note
-------+----------+-------------------------------------------
     0 | D:1      | Drachen the Demigod Gladiator began the quest for the Orb.
     0 | D:1      | Reached XP level 1. HP: 17/17 MP: 3/3
   353 | D:1      | Reached XP level 2. HP: 24/24 MP: 0/4
   832 | D:1      | Reached skill level 1 in Armour
  1008 | D:2      | Found a stormy altar of Qazlal.
  1066 | D:2      | Reached XP level 3. HP: 28/29 MP: 3/5
  1876 | D:2      | Reached XP level 4. HP: 36/36 MP: 6/6
  2431 | D:3      | Found an iron altar of Okawaru.
  2681 | D:3      | Found a glowing silver altar of Zin.
  2749 | D:3      | Reached XP level 5. HP: 34/41 MP: 5/7
  2964 | D:4      | Noticed Duvessa
  3075 | D:4      | Killed Duvessa
  3075 | D:4      | Reached XP level 6. HP: 39/48 MP: 6/8
  3081 | D:4      | Noticed Dowan
  3098 | D:3      | Killed Dowan
  3296 | D:4      | Noticed Eustachio
  3312 | D:4      | Killed Eustachio
  3312 | D:4      | Reached skill level 5 in Long Blades
  3481 | D:4      | Noticed Sigmund
  3501 | D:4      | Killed Sigmund
  3501 | D:4      | Reached skill level 5 in Dodging
  3501 | D:4      | Reached XP level 7. HP: 34/55 MP: 6/9
  3798 | D:4      | Found a shattered altar of Ashenzari.
  3827 | D:4      | Noticed Edmund
  3847 | D:4      | Killed Edmund
  4117 | D:4      | Noticed Robin
  4150 | D:4      | Killed Robin
  4405 | D:5      | Entered Level 5 of the Dungeon
  4564 | D:5      | Reached XP level 8. HP: 51/61 MP: 7/10
  5479 | D:6      | Found a white marble altar of Elyvilon.
  5867 | D:6      | Found a staircase to the Ecumenical Temple.
  6077 | D:5      | Identified the +7 whip "Zulotuaf" {flame, Int+3 SInv}
  6279 | D:6      | Reached skill level 5 in Armour
  6355 | D:6      | Found a bloodstained altar of Trog.
  6899 | D:7      | Reached XP level 9. HP: 66/67 MP: 11/11
  7041 | D:7      | Noticed Harold
  7055 | D:7      | Killed Harold
  7284 | D:7      | Found a blossoming altar of Fedhas.
  7391 | D:7      | Found a shimmering blue altar of Sif Muna.
  7392 | D:7      | Noticed Maggie
  7398 | D:7      | Killed Maggie
  7398 | D:7      | Reached skill level 10 in Long Blades
  7490 | D:7      | Found a glowing golden altar of the Shining One.
  7492 | D:7      | Noticed an angel
  7505 | D:7      | Found a basalt altar of Yredelemnul.
  7871 | D:7      | Found a sacrificial altar of Ru.
  7871 | D:7      | Found an ancient bone altar of Kikubaaqudgha.
  7871 | D:7      | Found a hazy altar of Hepliaklqana.
  8300 | D:8      | Reached skill level 5 in Fighting
  8300 | D:8      | Reached XP level 10. HP: 65/81 MP: 10/13
  9873 | D:9      | Got a dazzling buckler
  9879 | D:9      | Identified the +0 buckler "Lorrit" {Stlth+} (You found it
                  | on level 9 of the Dungeon)
 10131 | D:10     | Entered Level 10 of the Dungeon
 10148 | D:10     | Found a staircase to the Orcish Mines.
 10157 | D:10     | Reached skill level 1 in Shields
 10373 | D:10     | Got a thick robe
 10374 | D:10     | Identified the +0 robe of the Apothecary {Slay+4 Stlth-}
                  | (You found it on level 10 of the Dungeon)
 10762 | D:10     | Reached skill level 1 in Evocations
 11046 | D:10     | Noticed a seven-headed hydra
 11053 | D:10     | Killed a seven-headed hydra
 11497 | D:11     | Noticed a cyclops
 11539 | D:11     | Noticed a centaur warrior
 11557 | D:10     | Killed a centaur warrior
 11806 | D:11     | Reached XP level 11. HP: 52/86 MP: 9/16
 11971 | D:11     | You fall into a shaft and drop 1 floor!
 12679 | D:11     | Noticed Urug
 12697 | D:11     | Killed Urug
 13304 | D:11     | Found a staircase to the Lair.
 13312 | D:11     | Reached skill level 5 in Evocations
 13348 | D:11     | Noticed Erolcha
 13815 | D:11     | Killed Erolcha
 14729 | D:12     | Killed an unseen horror
 14771 | D:12     | Found an opulent altar of Gozag.
 15383 | D:13     | Noticed a centaur warrior
 15388 | D:13     | Killed a centaur warrior
 15536 | D:13     | Got an ichor-stained quarterstaff
 15598 | D:13     | Reached skill level 1 in Short Blades
 15691 | D:13     | Noticed a centaur warrior
 15709 | D:13     | Killed a centaur warrior
 15709 | D:13     | Reached XP level 12. HP: 58/94 MP: 11/19
 16001 | D:13     | Noticed a four-headed hydra
 16011 | D:13     | Killed a six-headed hydra
 16071 | D:13     | Found Keguwk's Weapon Shop.
 16091 | D:13     | Noticed a centaur warrior
 16110 | D:13     | Banished a centaur warrior
 16313 | D:13     | Found a portal to a secret trove of treasure.
 16782 | D:14     | Found a gate to the Vaults.
 16782 | D:14     | Noticed a centaur warrior
 17109 | Lair:1   | Entered Level 1 of the Lair of Beasts
 17420 | Lair:1   | Found a dark tunnel.
 17484 | Volcano  | Entered a volcano
 17917 | Lair:1   | Noticed a six-headed hydra
 17926 | Lair:1   | Killed an eight-headed hydra
 19251 | Lair:2   | Got a smoking copper ring
 19253 | Lair:2   | Identified the ring "Lasmar" {*Drain +Fly rF++ SInv Stlth-}
                  | (You found it on level 2 of the Lair of Beasts)
 19268 | Lair:2   | Found a runed translucent gate.
 19275 | Lair:2   | Found a runed translucent gate.
 19276 | Lair:2   | Found a runed translucent gate.
 19278 | Lair:2   | Noticed Asymodius's ghost (journeyman DsCK)
 20043 | Lair:2   | Got a wizard robe
 20054 | Lair:2   | Identified the cursed +1 robe of Fedhas's Fury {rElec} (You
                  | found it on level 2 of the Lair of Beasts)
 20178 | Lair:3   | Reached XP level 13. HP: 90/105 MP: 18/20
 20449 | Lair:2   | Banished Asymodius's ghost
 22052 | Lair:4   | Found a staircase to the Snake Pit.
 22323 | Lair:4   | Cast into level 3 of the Abyss (unwielding a weapon of
                  | distortion)
 22323 | Abyss:3  | Found a corrupted altar of Lugonu.
 22608 | Abyss:3  | Noticed a starcursed mass
 22618 | Abyss:3  | Noticed a starcursed mass
 22624 | Lair:4   | Escaped the Abyss
 23014 | Lair:4   | Found a runed translucent door.
 23014 | Lair:4   | Noticed strmdvr's ghost (journeyman GnWz)
 23167 | Lair:4   | Killed strmdvr's ghost
 23167 | Lair:4   | Reached skill level 15 in Long Blades
 23681 | Lair:4   | Identified a scroll of acquirement
 23682 | Lair:4   | Acquired the +0 helmet of Itytzaj {MR+ Slay+4}
 23848 | Lair:4   | Found a staircase to the Shoals.
 24416 | Lair:4   | Found the +4 Cigotuvi's embrace {rRot *Drain rN+}
 26299 | Lair:6   | Entered Level 6 of the Lair of Beasts
 26387 | Lair:6   | Reached skill level 10 in Dodging
 26696 | Lair:5   | Reached XP level 14. HP: 71/118 MP: 17/21
 26762 | Lair:6   | Found a frozen archway.
 26770 | IceCv    | Entered an ice cave
 28113 | IceCv    | Noticed a frost giant
 28126 | IceCv    | Killed a frost giant
 29034 | Lair:6   | Got a dazzling rapier
 29035 | Lair:6   | Identified the cursed +1 rapier of Melee {holy, Str+3} (You
                  | found it on level 6 of the Lair of Beasts)
 30248 | Orc:1    | Entered Level 1 of the Orcish Mines
 30248 | Orc:1    | Noticed Nergalle
 30253 | Orc:1    | Killed Nergalle
 30258 | Orc:1    | Reached skill level 10 in Fighting
 30279 | Orc:1    | Found a roughly hewn altar of Beogh.
 30282 | Orc:1    | Reached skill level 10 in Armour
 30576 | Orc:1    | Noticed Sonja
 30588 | Orc:1    | Killed Sonja
 30747 | Orc:1    | Found Zonass Koce's Jewellery Boutique.
 31096 | Orc:2    | Entered Level 2 of the Orcish Mines
 31703 | Orc:2    | Noticed an orc warlord
 31739 | Orc:2    | Killed an orc warlord
 31823 | Orc:2    | Reached XP level 15. HP: 119/126 MP: 22/22
 31913 | Orc:2    | Found a staircase to the Elven Halls.
 32015 | Orc:2    | Found a shimmering blue altar of Sif Muna.
 32333 | Orc:2    | Found Push's General Store.
 32334 | Orc:2    | Found Gunytymu's Jewellery Boutique.
 32335 | Orc:2    | Found Zydux's Antique Armour Boutique.
 32335 | Orc:2    | Found Wakigu's Antique Weapon Shop.
 32350 | Orc:2    | Bought a scroll of enchant armour for 82 gold pieces
 33428 | D:14     | Got a shimmering scale mail
 33561 | D:14     | Found a burning altar of Makhleb.
 33676 | D:14     | Found a snail-covered altar of Cheibriados.
 33908 | D:15     | Entered Level 15 of the Dungeon
 34229 | D:15     | Identified Roxanne's Volume of Shape Shifting
 34229 | D:15     | Noticed Roxanne
 34287 | D:15     | Killed Roxanne
 34493 | D:15     | Found a staircase to the Depths.
 35070 | Depths:1 | Entered Level 1 of the Depths
 35072 | Depths:1 | Noticed a fire giant
 35151 | D:15     | Killed a fire giant
 35247 | Depths:1 | Noticed a fire giant
 35653 | D:15     | Killed a fire giant
 36007 | Depths:1 | Identified the +4 scale mail "Layrol" {MR+} (You found it
                  | on level 14 of the Dungeon)
 36387 | Depths:1 | Noticed a sphinx
 36393 | Depths:1 | Found a gateway to Hell.
 36405 | Depths:1 | Found a runed translucent door.
 36596 | Depths:1 | Reached XP level 16. HP: 97/134 MP: 19/25
 37229 | Depths:1 | Killed a sphinx
 38215 | Depths:1 | Got a polished great sword
 38216 | Depths:1 | Identified the +8 great sword "Qaohij" {vorpal, +Inv rPois
                  | MR+ Int-2} (You found it on level 1 of the Depths)
 38218 | Depths:1 | Identified the Almanac of the Ashen Glacier
 38226 | Depths:1 | Got a sparkling garnet amulet
 38239 | Depths:1 | Identified the amulet of Pouben {Acrobat *Slow rN+++ MR-
                  | Int+6} (You found it on level 1 of the Depths)
 38415 | Depths:1 | Noticed a lich
 39541 | Snake:1  | Entered Level 1 of the Snake Pit
 39798 | Shoals:1 | Entered Level 1 of the Shoals
 39826 | Shoals:2 | Noticed Ilsuiw
 39847 | Shoals:2 | Killed Ilsuiw
 39906 | Shoals:2 | Gained mutation: You occasionally shout uncontrollably at
                  | your foes. [mutagenic glow]
 40068 | Shoals:2 | Noticed Polyphemus
 40091 | Shoals:2 | Killed Polyphemus
 41126 | Shoals:3 | Found Qoli's Gadget Shoppe.
 41152 | Shoals:3 | Bought a wand of acid (5) for 288 gold pieces
 41158 | Shoals:3 | Bought a wand of acid (4) for 256 gold pieces
 41421 | Shoals:3 | Found Jalar's Assorted Antiques.
 41611 | Shoals:4 | Entered Level 4 of the Shoals
 42342 | Shoals:4 | Got an ivory great sword
 42343 | Shoals:4 | Identified the +7 great sword of the Orcish Mines {vorpal,
                  | Fragile +Inv rElec Str+6} (You found it on level 4 of the
                  | Shoals)
 43197 | Shoals:4 | Got a barnacled rune of Zot
 44113 | Shoals:1 | Noticed Josephine
 44129 | Shoals:1 | Killed Josephine
 44448 | Shoals:1 | Noticed Nikola
 44470 | Shoals:1 | Killed Nikola
 44470 | Shoals:1 | Reached XP level 17. HP: 124/140 MP: 28/28
 45414 | Snake:1  | Reached skill level 10 in Evocations
 45998 | Snake:1  | Found an ornate altar of the Wu Jian Council.
 46363 | Snake:1  | Found Tofoda's Jewellery Emporium.
 46363 | Snake:1  | Found Ytoomn's Gadget Boutique.
 46364 | Snake:1  | Found Ykhlixi's Jewellery Emporium.
 46373 | Snake:1  | Bought an uncursed ring of poison resistance for 280 gold
                  | pieces
 47230 | Snake:2  | Acquired the +0 pair of boots "Huipn" {rElec Int-2 Dex+3
                  | Stlth+}
 47242 | Snake:2  | Acquired a +0 vampiric double sword
 47366 | Snake:2  | You fall into a shaft and drop 1 floor!
 47899 | Snake:3  | Identified the +5 battleaxe "Oklijuly" {venom, Dex+3
                  | Stlth+} (You found it on level 3 of the Snake Pit)
 48699 | Snake:4  | Entered Level 4 of the Snake Pit
 49606 | Snake:4  | Reached XP level 18. HP: 68/147 MP: 24/30
 50324 | Snake:3  | Acquired the ring of Suicidal Tendencies {rC+ Slay+6}
 50803 | Snake:4  | Got a serpentine rune of Zot
 51603 | Elf:1    | Entered Level 1 of the Elven Halls
 51960 | Elf:1    | Identified the +1 leather armour "Zyps" {rPois rF++ Dex+2
                  | Stlth-}
 52057 | Elf:1    | Found a runed translucent gate.
 52057 | Elf:1    | Found a runed translucent gate.
 52057 | Elf:1    | Found a runed translucent gate.
 52057 | Elf:1    | Found a runed translucent gate.
 52057 | Elf:1    | Found a runed translucent gate.
 52145 | Elf:1    | Found a runed translucent gate.
 52279 | Elf:1    | Identified the +5 battleaxe of Bioll {protect, *Rage rElec
                  | rF++} (You found it on level 1 of the Elven Halls)
 53710 | Elf:2    | Found a huge runed translucent gate.
 53710 | Elf:2    | Found a huge runed translucent gate.
 53710 | Elf:2    | Found a huge runed translucent gate.
 53710 | Elf:2    | Found a huge runed translucent gate.
 53710 | Elf:2    | Found a huge runed translucent gate.
 53989 | Elf:2    | Reached XP level 19. HP: 134/157 MP: 31/31
 54141 | Elf:2    | Reached skill level 5 in Shields
 54295 | Elf:3    | Entered Level 3 of the Elven Halls
 54840 | Elf:3    | Found Uwnirr's Assorted Antiques.
 54859 | Elf:3    | Bought a potion of heal wounds for 130 gold pieces
 54859 | Elf:3    | Bought a potion of haste for 260 gold pieces
 54972 | Elf:3    | Reached skill level 15 in Dodging
 54977 | Elf:3    | Reached skill level 15 in Armour
 56108 | Elf:3    | Identified the amulet "Qeoqy" {Reflect rPois SH+5}
 56374 | Elf:3    | Identified Advanced Wizardry
 56376 | Elf:3    | Identified Deacsu Neoh's Collected Works on Shifting Evil
                  | Rituals
 56380 | Elf:3    | Identified Sif Muna's Collected Works on Cloudy Orientation
 56801 | Lair:5   | Found a staircase to the Slime Pits.
 56899 | Slime:1  | Entered Level 1 of the Pits of Slime
 57311 | Slime:2  | Gained mutation: You are frail. (-10% HP) [a shining eye]
 57599 | Slime:2  | Reached XP level 20. HP: 151/151 MP: 32/32
 57643 | Slime:2  | Gained mutation: You are weak. (Str -2) [a shining eye]
 57652 | Slime:2  | Paralysed by a floating eye for 4 turns
 58549 | Slime:4  | Found a viscous altar of Jiyva.
 58640 | Slime:4  | Gained mutation: You are very weak. (Str -4) [a shining
                  | eye]
 58756 | Slime:4  | Gained mutation: You have a somewhat thin skeletal
                  | structure. (Dex +2, Stealth) [a shining eye]
 58758 | Slime:4  | Gained mutation: You sometimes yell uncontrollably at your
                  | foes. [a shining eye]
 59100 | Slime:5  | Entered Level 5 of the Pits of Slime
 59287 | Slime:5  | Noticed Dissolution
 60007 | Slime:5  | Gained mutation: You are very frail. (-20% HP) [a shining
                  | eye]
 60083 | Slime:5  | Killed Dissolution
 60114 | Slime:5  | Found a viscous altar of Jiyva.
 60117 | Slime:5  | Found the +8 trident of the Octopus King {venom, rElec
                  | rPois MR+}
 60347 | Slime:5  | Noticed the Royal Jelly
 60372 | Slime:5  | Killed the Royal Jelly
 60407 | Slime:5  | Got a slimy rune of Zot
 60457 | Slime:5  | Got a fine kite shield
 60458 | Slime:5  | Identified the +5 kite shield of Lumiwk {rElec rCorr Str+8}
                  | (You found it on level 5 of the Pits of Slime)
 60501 | Slime:5  | Got obsidian-encrusted quicksilver dragon scales
 60502 | Slime:5  | Identified the cursed quicksilver dragon scales of
                  | Experimentation {MR+ Dex+3} (You found it on level 5 of the
                  | Pits of Slime)
 60576 | Slime:5  | Identified Vesin's Almanac of Transformation
 60580 | Slime:5  | Identified the +12 falchion of the Pariah {vorpal, +Blink
                  | Str+4 Int+3} (You found it on level 5 of the Pits of Slime)
 60714 | Slime:5  | Lost mutation: You are very frail. (-20% HP) [potion of
                  | mutation]
 60714 | Slime:5  | Lost mutation: You are frail. (-10% HP) [potion of
                  | mutation]
 60714 | Slime:5  | Lost mutation: You have a somewhat thin skeletal structure.
                  | (Dex +2, Stealth) [potion of mutation]
 60714 | Slime:5  | Gained mutation: You are robust. (+10% HP) [potion of
                  | mutation]
 60714 | Slime:5  | Lost mutation: You sometimes yell uncontrollably at your
                  | foes. [potion of mutation]
 60714 | Slime:5  | Gained mutation: You are resistant to electric shocks.
                  | (rElec) [potion of mutation]
 60714 | Slime:5  | Gained mutation: Your system is resistant to poisons.
                  | (rPois) [potion of mutation]
 60715 | Slime:5  | Lost mutation: Your system is resistant to poisons. (rPois)
                  | [potion of mutation]
 60715 | Slime:5  | Lost mutation: You occasionally shout uncontrollably at
                  | your foes. [potion of mutation]
 60715 | Slime:5  | Gained mutation: Scrolls take you a little longer to read.
                  | [potion of mutation]
 60715 | Slime:5  | Gained mutation: Your system is resistant to poisons.
                  | (rPois) [potion of mutation]
 60715 | Slime:5  | Gained mutation: You can translocate small distances at
                  | will. [potion of mutation]
 60716 | Slime:5  | Lost mutation: Scrolls take you a little longer to read.
                  | [potion of mutation]
 60716 | Slime:5  | Lost mutation: You can translocate small distances at will.
                  | [potion of mutation]
 60716 | Slime:5  | Lost mutation: You are resistant to electric shocks.
                  | (rElec) [potion of mutation]
 60716 | Slime:5  | Lost mutation: You are very weak. (Str -4) [potion of
                  | mutation]
 60716 | Slime:5  | Gained mutation: Armour fits poorly on your strangely
                  | shaped body. [potion of mutation]
 60716 | Slime:5  | Gained mutation: You have sharp toenails. [potion of
                  | mutation]
 60716 | Slime:5  | Gained mutation: You are partially covered in thin metallic
                  | scales. (AC +2) [potion of mutation]
 60716 | Slime:5  | Gained mutation: You possess an exceptional clarity of
                  | mind. [potion of mutation]
 60887 | Lair:4   | Learned a level 2 spell: Blink
 61343 | Depths:1 | Found a one-way gate leading to the halls of Pandemonium.
 61498 | Depths:2 | Noticed Asterion
 61505 | Depths:2 | Killed Asterion
 61538 | Depths:2 | Reached skill level 1 in Translocations
 61583 | Depths:2 | Reached skill level 1 in Spellcasting
 61721 | Depths:2 | Found a gateway to a ziggurat.
 61954 | Depths:2 | Noticed a golden dragon
 61955 | Depths:2 | Noticed a golden dragon
 61967 | Depths:2 | Killed a golden dragon
 61976 | Depths:2 | Killed a golden dragon
 61991 | Depths:2 | Identified the +6 scale mail of Qenilune {MP+9} (You found
                  | it on level 2 of the Depths)
 62009 | Depths:2 | Got a crude bronze ring
 62010 | Depths:2 | Identified the ring "Avugg" {Wiz MP+9 Str+2} (You found it
                  | on level 2 of the Depths)
 62420 | Depths:3 | Noticed the Enchantress
 62535 | Depths:3 | Reached XP level 21. HP: 195/195 MP: 31/33
 62675 | Depths:3 | Noticed Bai Suzhen
 62699 | Depths:2 | Killed Bai Suzhen
 62905 | D:13     | You paid a toll of +4 storm dragon scales to enter a
                  | treasure trove
 62906 | Trove    | Entered a treasure trove
 62910 | Trove    | Found the +8 orange crystal plate armour {Archmagi, Int+3
                  | Clar}
 62912 | Trove    | Got a pair of pitted gloves
 62940 | Trove    | Got a heavily runed cloak
 62951 | Trove    | Identified the +1 cloak of Least Resistance {rC+ Str+3}
                  | (You found it in a treasure trove)
 62961 | Trove    | Identified the +0 pair of gloves "Wabbos" {rF+ MR+ Str+3
                  | Dex-3} (You found it in a treasure trove)
 62967 | Trove    | Got a pair of encrusted boots
 62978 | Trove    | Identified the +1 pair of boots of the Imp {rElec} (You
                  | found it in a treasure trove)
 62990 | Trove    | Got a pitted kite shield
 62998 | Trove    | Got a distressingly furry scale mail
 63007 | Trove    | Got a transparent chain mail
 63067 | D:13     | Identified the +4 kite shield of Prudence {Str+4 Stlth+}
                  | (You found it in a treasure trove)
 63069 | D:13     | Identified the +2 scale mail of Wikaz {rPois rF+ Int+2}
                  | (You found it in a treasure trove)
 63070 | D:13     | Identified the +1 chain mail of the Will of the Gods {rF+
                  | MR+ Str+4 SInv} (You found it in a treasure trove)
 63127 | D:13     | Acquired a manual of Evocations
 63589 | Depths:3 | Identified the +5 hand axe of the Empty Page {venom, rPois}
 64084 | Depths:3 | Killed the Enchantress
 64331 | Depths:4 | Found Dodouk's Magic Scroll Boutique.
 64332 | Depths:4 | Found Itet's Food Boutique.
 64332 | Depths:4 | Found Ziraj's Antique Weapon Shop.
 64420 | Depths:4 | Bought a scroll of acquirement for 728 gold pieces
 64420 | Depths:4 | Found Puus's Antique Weapon Shop.
 64436 | Depths:4 | Acquired 420 gold pieces
 64448 | Depths:4 | You fall into a shaft and drop 1 floor!
 64448 | Depths:5 | Entered Level 5 of the Depths
 64612 | Depths:5 | Noticed a golden dragon
 64622 | Depths:5 | Killed a golden dragon
 64663 | Depths:5 | Reached skill level 10 in Shields
 64833 | Depths:5 | Lost mutation: You are robust. (+10% HP) [a shining eye]
 64840 | Depths:5 | Lost mutation: Your system is resistant to poisons. (rPois)
                  | [potion of mutation]
 64840 | Depths:5 | Lost mutation: Armour fits poorly on your strangely shaped
                  | body. [potion of mutation]
 64840 | Depths:5 | Lost mutation: You are weak. (Str -2) [potion of mutation]
 64840 | Depths:5 | Lost mutation: You have sharp toenails. [potion of
                  | mutation]
 64840 | Depths:5 | Gained mutation: You are agile. (Dex +2) [potion of
                  | mutation]
 64840 | Depths:5 | Gained mutation: Your flesh is heat resistant. (rF+)
                  | [potion of mutation]
 64840 | Depths:5 | Gained mutation: You are covered in fur. (AC +1) [potion of
                  | mutation]
 64854 | Depths:5 | Noticed a juggernaut
 64865 | Depths:5 | Killed a juggernaut
 65050 | Depths:5 | Reached skill level 5 in Translocations
 65430 | Depths:5 | Reached XP level 22. HP: 188/188 MP: 36/36
 65610 | Depths:5 | Found a gate to the Realm of Zot.
 66078 | Depths:5 | Got a masterwork morningstar
 66461 | Depths:4 | Noticed Mennas
 66514 | Depths:3 | Killed Mennas
 66718 | Vaults:1 | Entered Level 1 of the Vaults
 66821 | Vaults:1 | Identified the +6 morningstar "Fuuhoet" {vorpal, +Inv
                  | Int+3} (You found it on level 5 of the Depths)
 67486 | Vaults:1 | Found a ruined gateway.
 67490 | Desolati | Entered the Desolation of Salt
 67532 | Desolati | Identified the ring of Dips {rElec rPois MR+ Slay-3}
 67920 | Desolati | Got a scorched tin ring
 67925 | Desolati | Identified the +10 plate armour "Nusuusmu" {MR++ MP+9
                  | Dex+4} (You found it in the Desolation of Salt)
 67926 | Desolati | Identified the ring "Losh" {*Tele rN+ Int+4 Dex-3} (You
                  | found it in the Desolation of Salt)
 68133 | Desolati | Got a brightly glowing amber ring
 68137 | Desolati | Got a crude scale mail
 68140 | Desolati | Identified the Volume of the First Emperors
 68151 | Desolati | Identified the ring "Suffoke" {+Fly Str+2 Stlth-} (You
                  | found it in the Desolation of Salt)
 68878 | Vaults:2 | Reached XP level 23. HP: 196/196 MP: 38/38
 69581 | Vaults:2 | Found a runed translucent door.
 69581 | Vaults:2 | Found a shimmering altar of Xom.
 69581 | Vaults:2 | Noticed Qasoqan's ghost (veteran DEVM)
 69581 | Vaults:2 | Identified the +8 demon blade of Destiny {chaos, Str+4
                  | Dex+6}
 69626 | Vaults:2 | Killed Qasoqan's ghost
 69979 | Vaults:2 | Found Xiqeoq's Book Shop.
 70150 | Vaults:3 | Noticed Saint Roka
 70194 | Vaults:3 | Killed Saint Roka
 70215 | Vaults:3 | Reached skill level 15 in Fighting
 70619 | Vaults:3 | Found a staircase to the Crypt.
 70939 | Vaults:3 | Noticed Xtahua
 70945 | Vaults:3 | Killed Xtahua
 70969 | Vaults:3 | Found Bisez's Armour Shop.
 71691 | Vaults:4 | Reached skill level 15 in Evocations
 72404 | Vaults:4 | Found a gateway to a bazaar.
 72459 | Vaults:4 | Gained mutation: Your body sometimes deteriorates upon
                  | taking damage. [a neqoxec]
 72756 | Bazaar   | Entered a bazaar
 72758 | Bazaar   | Found Uqeliaw's General Store.
 72765 | Bazaar   | Found Coeghuzo's Magic Scroll Shop.
 72771 | Bazaar   | Found Tupioczo's Antique Weapon Emporium.
 72790 | Bazaar   | Found Ingoosa's Weapon Emporium.
 72821 | Bazaar   | Bought a scroll of identify for 12 gold pieces
 72821 | Bazaar   | Bought a scroll of fog for 12 gold pieces
 72821 | Bazaar   | Bought a scroll of enchant armour for 45 gold pieces
 72821 | Bazaar   | Bought a scroll of fog for 12 gold pieces
 72821 | Bazaar   | Bought a scroll of enchant armour for 45 gold pieces
 72821 | Bazaar   | Bought a scroll of acquirement for 312 gold pieces
 72826 | Bazaar   | Bought a scroll of enchant weapon for 90 gold pieces
 72826 | Bazaar   | Bought a scroll of magic mapping for 42 gold pieces
 72875 | Vaults:4 | Acquired a manual of Dodging
 73118 | Vaults:4 | Paralysed by a floating eye for 4 turns
 73216 | Vaults:4 | Reached XP level 24. HP: 207/207 MP: 39/39
 73704 | Vaults:5 | Entered Level 5 of the Vaults
 73732 | Vaults:5 | Noticed an ancient lich
 73751 | Vaults:5 | Killed an ancient lich
 73855 | Vaults:5 | Noticed an ancient lich
 73901 | Vaults:5 | Killed an ancient lich
 74103 | Vaults:5 | Reached skill level 5 in Spellcasting
 74567 | Vaults:5 | Gained mutation: You are occasionally teleported next to
                  | monsters. [a shining eye]
 74585 | Vaults:5 | Identified the ring of Serendipity {Ice rPois Slay+5}
 74789 | Vaults:5 | Got a silver rune of Zot
 74947 | Vaults:5 | Reached XP level 25. HP: 216/216 MP: 39/39
 75180 | Vaults:5 | Identified the +8 hunting sling of Growth {speed, *Slow
                  | Dex+6 Stlth+} (You found it on level 5 of the Vaults)
 75674 | Vaults:5 | Identified the cursed +1 shortbow of Tasok {venom, *Slow
                  | rPois Stlth+} (You found it on level 5 of the Vaults)
 75843 | Vaults:5 | Learned a level 1 spell: Apportation
 75846 | Vaults:5 | Learned a level 2 spell: Shroud of Golubria
 75851 | Vaults:5 | Upgraded the game from 0.25.1-2-g60ff931df9 to
                  | 0.25.1-4-g9407a263a5
 75917 | Vaults:2 | Bought a book of the Warp for 1530 gold pieces
 75928 | Vaults:2 | Learned a level 8 spell: Controlled Blink
 75935 | Vaults:2 | Learned a level 2 spell: Swiftness
 75938 | Vaults:2 | Learned a level 2 spell: Song of Slaying
 76262 | Crypt:1  | Entered Level 1 of the Crypt
 76373 | Crypt:1  | Reached skill level 1 in Charms
 76377 | Crypt:1  | Reached skill level 1 in Air Magic
 76855 | Crypt:1  | Found the +12 Vampire's Tooth {vamp}
 77184 | Crypt:1  | Found a transporter.
 77189 | Crypt:1  | Found a shimmering blue altar of Sif Muna.
 77673 | Crypt:1  | Found a transporter.
 78102 | Crypt:2  | Found a runed translucent door.
 78102 | Crypt:2  | Noticed Serch's ghost (adept MiFi)
 78137 | Crypt:2  | Killed Serch's ghost
 78403 | Crypt:2  | Acquired 540 gold pieces
 78849 | Crypt:3  | Entered Level 3 of the Crypt
 79377 | Crypt:3  | Found a staircase to the Tomb.
 79512 | Crypt:3  | Identified the Handbook of Black Secrets
 79827 | Crypt:3  | Reached skill level 5 in Air Magic
 79944 | Crypt:3  | Found an ancient bone altar of Kikubaaqudgha.
 79946 | Crypt:3  | Noticed an ancient lich
 79960 | Crypt:3  | Killed an ancient lich
 79960 | Crypt:3  | Reached skill level 5 in Charms
 79981 | Crypt:3  | Noticed an ancient lich
 79986 | Crypt:3  | Killed an ancient lich
 80916 | Hell     | Entered the Vestibule of Hell
 80916 | Hell     | Noticed Geryon
 80930 | Hell     | Killed Geryon
 80930 | Hell     | Reached XP level 26. HP: 228/228 MP: 39/39
 81041 | Hell     | Found a gateway to the freezing wastes of Cocytus.
 81132 | Hell     | Found a gateway to the Iron City of Dis.
 81594 | Hell     | Found a gateway to the ashen valley of Gehenna.
 81639 | Hell     | Found a gateway to the decaying netherworld of Tartarus.
 81844 | Tar:1    | Entered Level 1 of Tartarus
 82344 | Tar:4    | Reached skill level 15 in Shields
 85463 | Tar:3    | You fall into a shaft and drop 3 floors!
 85577 | Tar:6    | Reached XP level 27. HP: 197/238 MP: 39/39
 86218 | Tar:6    | Cast into level 2 of the Abyss (skeletal warrior)
 86218 | Abyss:2  | Found a corrupted altar of Lugonu.
 86227 | Abyss:2  | Found a sparkling altar of Nemelex Xobeh.
 86247 | Abyss:3  | Found a corrupted altar of Lugonu.
 86517 | Abyss:4  | Lost mutation: You possess an exceptional clarity of mind.
                  | [a neqoxec]
 87194 | Abyss:4  | Gained mutation: You tend to lose your temper in combat. [a
                  | neqoxec]
 87214 | Abyss:4  | Paralysed by a floating eye for 4 turns
 87221 | Abyss:4  | Paralysed by a floating eye for 3 turns
 87233 | Abyss:4  | Paralysed by a floating eye for 2 turns
 88540 | Abyss:4  | Got an abyssal rune of Zot
 88549 | Abyss:4  | Paralysed by accursed screaming for 1 turns
 88982 | Abyss:4  | Paralysed by accursed screaming for 1 turns
 89048 | Abyss:4  | Gained mutation: Your muscles are strong. (Str +2) [a
                  | neqoxec]
 89109 | Abyss:4  | Found a corrupted altar of Lugonu.
 89115 | Abyss:4  | Found a corrupted altar of Lugonu.
 89180 | Tar:6    | Escaped the Abyss
 89196 | Tar:7    | Entered Level 7 of Tartarus
 89378 | Tar:7    | Noticed an ancient lich
 89380 | Tar:7    | Noticed an ancient lich
 89385 | Tar:7    | Killed an ancient lich
 89395 | Tar:7    | Killed an ancient lich
 89523 | Tar:7    | Identified the Reference Book on Feathery Necromancy
 89525 | Tar:7    | Identified the Disquisition on Combat Magic
 89981 | Tar:7    | Noticed Ereshkigal
 90829 | Tar:7    | Killed Ereshkigal
 90885 | Tar:7    | Got a bone rune of Zot
 90971 | Hell     | Upgraded the game from 0.25.1-4-g9407a263a5 to
                  | 0.25.1-9-gc5326a611f
 91241 | Dis:1    | Entered Level 1 of the Iron City of Dis
 92592 | Dis:6    | Lost mutation: Your flesh is heat resistant. (rF+) [potion
                  | of mutation]
 92592 | Dis:6    | Lost mutation: Your muscles are strong. (Str +2) [potion of
                  | mutation]
 92592 | Dis:6    | Lost mutation: You tend to lose your temper in combat.
                  | [potion of mutation]
 92592 | Dis:6    | Lost mutation: You are partially covered in thin metallic
                  | scales. (AC +2) [potion of mutation]
 92592 | Dis:6    | Gained mutation: You have supernaturally acute eyesight.
                  | (SInv) [potion of mutation]
 92592 | Dis:6    | Gained mutation: Your spells are a little harder to cast,
                  | but a little more powerful. [potion of mutation]
 92593 | Dis:6    | Lost mutation: You have supernaturally acute eyesight.
                  | (SInv) [potion of mutation]
 92593 | Dis:6    | Lost mutation: Your body sometimes deteriorates upon taking
                  | damage. [potion of mutation]
 92593 | Dis:6    | Lost mutation: Your spells are a little harder to cast, but
                  | a little more powerful. [potion of mutation]
 92593 | Dis:6    | Gained mutation: You tend to lose your temper in combat.
                  | [potion of mutation]
 92593 | Dis:6    | Gained mutation: You have sharp toenails. [potion of
                  | mutation]
 92594 | Dis:6    | Lost mutation: You tend to lose your temper in combat.
                  | [potion of mutation]
 92594 | Dis:6    | Lost mutation: You have sharp toenails. [potion of
                  | mutation]
 92594 | Dis:6    | Gained mutation: You tend to lose your temper in combat.
                  | [potion of mutation]
 92594 | Dis:6    | Gained mutation: You are partially covered in thin metallic
                  | scales. (AC +2) [potion of mutation]
 92594 | Dis:6    | Gained mutation: You are very agile. (Dex +4) [potion of
                  | mutation]
 92594 | Dis:6    | Gained mutation: Your flesh is heat resistant. (rF+)
                  | [potion of mutation]
 92595 | Dis:6    | Lost mutation: You are very agile. (Dex +4) [potion of
                  | mutation]
 92595 | Dis:6    | Lost mutation: You are occasionally teleported next to
                  | monsters. [potion of mutation]
 92595 | Dis:6    | Gained mutation: Armour fits poorly on your strangely
                  | shaped body. [potion of mutation]
 92595 | Dis:6    | Gained mutation: Your mind is acute. (Int +2) [potion of
                  | mutation]
 92595 | Dis:6    | Gained mutation: Your system is resistant to poisons.
                  | (rPois) [potion of mutation]
 92939 | Dis:7    | Entered Level 7 of the Iron City of Dis
 93493 | Dis:7    | Noticed the Serpent of Hell
 93522 | Dis:7    | Killed the Serpent of Hell
 93522 | Dis:7    | Reached skill level 10 in Translocations
 93591 | Dis:7    | Got a brightly glowing ivory ring
 93592 | Dis:7    | Identified the ring of Rasilebu {+Blink rN+ MR+ SInv
                  | Stlth+} (You found it on level 7 of the Iron City of Dis)
 93645 | Dis:7    | Got a brightly glowing pewter ring
 93646 | Dis:7    | Identified the ring "Ekhlit" {Wiz *Corrode rF+ Str+4 SInv}
                  | (You found it on level 7 of the Iron City of Dis)
 93656 | Dis:7    | Found the +9 staff of Olgreb {rPois∞}
 93657 | Dis:7    | Found the +7 sceptre of Torment {pain, torment}
 94029 | Dis:7    | Identified the cursed +0 hat of the Thistle {SInv} (You
                  | found it on level 7 of the Iron City of Dis)
 94163 | Dis:7    | Identified the +4 staff of Dispater
 94163 | Dis:7    | Noticed Dispater
 94195 | Dis:7    | Killed Dispater
 94277 | Dis:7    | Gained mutation: Scrolls take you a little longer to read.
                  | [a cacodemon]
 94292 | Dis:7    | Got an iron rune of Zot
 94896 | Coc:1    | Entered Level 1 of Cocytus
 96051 | Coc:6    | You fall into a shaft and drop 1 floor!
 96051 | Coc:7    | Entered Level 7 of Cocytus
 96083 | Coc:7    | HP: 9/246 [shard shrike (10)]
 96085 | Coc:7    | Killed from afar by a shard shrike

Illustrated notes

Levels and vault maps discovered:
D:1:      sevenhm_arrival_forest_fort_small_3, layout_basic
D:2:      layout_loops_cross, nicolae_qazlal_general_emergency, minmay_domino_4
D:3:      layout_rooms, old_standard_altar, okawaru_gym_becter,
          cheibrodos_gnoll_hut
D:4:      layout_basic, nicolae_overflow_crystal_walls, kennysheep_dice,
          uniq_duvessa, uniq_edmund, uniq_eustachio, uniq_sigmund, uniq_robin
D:5:      layout_cave_pools, first_ration, water_maze_lemuel
D:6:      layout_basic, elyvilon_altar_4, bloody_trog, temple_fountains
D:7:      layout_basic, grunt_temple_overflow_holy_war,
          grunt_temple_overflow_open, gammafunk_temple_overflow_forgotten,
          grunt_livestock, minmay_misc_feat_ornament, uniq_maggie, uniq_harold
D:8:      layout_rooms, serial_glass, glass_columns_a, glass_columns_b,
          corexii_mini_fake_secret_closet
D:9:      layout_stronghold, chequers_serial_rivers_marsh
D:10:     layout_roguey, david_orc_2
D:11:     layout_small_grid, david_lair_shrubbed, uniq_urug, uniq_erolcha
D:12:     layout_rooms, grunt_gozag_statues
D:13:     layout_loops_ring, enter_trove_0, serial_shops, shop_statue
D:14:     layout_roguey, david_vaults_3, cheibriados_altar_1,
          david_defended_altar_orc
D:15:     hangedman_depths_entry_try_elsewhere_first, layout_cave_pools,
          corexii_corridor_pit, nicolae_two_hexagons, drop_trap, uniq_roxanne
Lair:1:   layout_layer_cave, nicolae_volcano_entry_s_turn, minivault_19,
          beast_lair_carwin_3, infiniplex_staircase_pool_2
Lair:2:   layout_chaotic_city, gammafunk_ghost_split
Lair:3:   beast_lair_carwin_large_4, layout_layer_cave, lemuel_fruit_tree
Lair:4:   layout_layer_cave, elwin_shoals_entry_rooms,
          guppyfry_snake_entry_island, gammafunk_ghost_grave,
          minmay_lair_oklob_chamber
Lair:5:   layout_big_grid, minmay_slime_entry_oklob_enclosed, serial_rivers,
          chequers_serial_rivers_room_b, chequers_serial_rivers_large_a,
          chequers_serial_rivers_micro_e, chequers_serial_rivers_micro_d,
          chequers_serial_rivers_micro_e, chequers_serial_rivers_micro_a,
          grunt_megastairs_4
Lair:6:   minmay_lair_end_frog_pond, layout_cave_shapes,
          portal_ice_cave_demonic_guard, infiniplex_staircase_pool
Shoals:1: layout_shoals, uniq_josephine, uniq_nikola
Shoals:2: layout_shoals, uniq_polyphemus, uniq_ilsuiw
Shoals:3: layout_shoals, serial_shops, nicolae_shop_window_shopping, shop,
          nicolae_shoals_cliffside_cave
Shoals:4: shoals_end_grunt_garden, layout_shoals, argonaut_gorgonesque
Snake:1:  layout_basic, basic_altar, dpeg_stationary_puzzle, minmay_shop_grove,
          grunt_megastairs_2, serial_bayou_shore_a
Snake:2:  layout_gridlike
Snake:3:  layout_misc_corridors, grunt_ministairs_11,
          nrook_guardian_serpent_double
Snake:4:  johnstein_snake_rune_scales, layout_rooms
Slime:1:  layout_caves
Slime:2:  layout_caves
Slime:3:  layout_caves
Slime:4:  layout_caves, basic_altar
Slime:5:  uniq_dissolution
Orc:1:    layout_caves, serial_shops, shop, basic_altar, uniq_sonja,
          uniq_nergalle
Orc:2:    st_orc_congregation, layout_caves, led_sif_book
Elf:1:    kennysheep_oblong_rooms, layout_geoelf_diagonals, orc_legates,
          minivault_19
Elf:2:    layout_gridlike, nicolae_wwwww
Elf:3:    minmay_elf_hall, layout_geoelf_octagon, serial_shops,
          nicolae_shop_waterfront, special_room [special_room_mythical_zoo]
Vaults:1: vaults_dpeg_ring, nicolae_vaults_back_hallway,
          hangedman_vaults_restitches, nicolae_vaults_diagonal_hallway_8,
          dpeg_vaults_monster_row, st_more_cells, v_misc_30,
          nicolae_vaults_triangles, nicolae_vaults_mini_display_case,
          nicolae_vaults_shelves_hall, v_misc_14, grunt_vaults_hallway_long,
          nicolae_vaults_little_ls, layout_vaults_maze_snakey,
          portal_desolation_entry_salt
Vaults:2: ebering_vaults_ghost_xom, v_rooms_2, vaults_room_fancy_cross,
          ontoclasm_vaults_gateway, vaults_room_large_hall, v_misc_5,
          ontoclasm_vaults_decontamination, nicolae_vaults_big_angled_halls,
          v_pattern_1, vaults_dpeg_spiral, nicolae_vaults_alarming, v_misc_5,
          nicolae_vaults_little_squares_4, vaults_standard_mumra_x,
          vaults_dpeg_diagonal, layout_vaults_big_room, serial_shops, shop
Vaults:3: nicolae_vaults_meeting, vaults_mumra_minichess_inversion,
          minmay_crypt_entry_skeletal_spiral, nicolae_vaults_sealed_display,
          dpeg_vaults_monster_box, nicolae_vaults_big_angled_halls,
          layout_vaults_omnigrid, serial_shops, shop, uniq_saint_roka,
          uniq_xtahua
Vaults:4: vaults_dpeg_encased_lava, hangedman_vaults_stagger, v_pattern_5,
          v_alt_pattern_1, v_rooms_3, hangedman_vaults_slice,
          nicolae_vaults_little_squares_5, vaults_room_grid,
          nicolae_vaults_asterisk, ontoclasm_vaults_shuriken,
          nicolae_vaults_network_square, vaults_room_large_hall, v_misc_23,
          v_alt_pattern_4, layout_vaults_omnibox, serial_shops, bzr_entry_water
Vaults:5
Crypt:1:  gammafunk_sealed_library, layout_regular_city, grunt_ministairs_15,
          minmay_guarded_unrand_vampires_tooth
Crypt:2:  layout_basic, gammafunk_ghost_grave, serial_sigils_hangedman_carve,
          st_chilly_death
Crypt:3:  quadcrypt_mu
Depths:1: layout_basic, pan_entry, serial_sigils,
          serial_sigils_hangedman_quiver, serial_sigils_hangedman_leer,
          serial_sigils_hangedman_stare, serial_sigils_hangedman_clutch,
          hell_entry, minmay_crystal_box
Depths:2: minmay_the_grid_octo_triangle [minmay_the_grid_octo_toaster,
          minmay_the_grid_octo_prize_single_spiral, minmay_the_grid_octo_chip],
          layout_long_grid, enter_ziggurat_b, minmay_misc_feat_chi, hell_entry,
          uniq_asterion
Depths:3: onia_ninara_swampy_vault, layout_cave_shapes,
          kennysheep_cluttered_room, hell_entry, grunt_pan_entry_spiral,
          uniq_enchantress, uniq_bai_suzhen
Depths:4: minmay_three_patterns, layout_small_grid, hell_entry, abyss_entry,
          infiniplex_staircase_spiral, serial_sigils_hangedman_quiver,
          minmay_shoptagon, uniq_mennas
Depths:5: grunt_runaround [grunt_runaround_doors_1, grunt_runaround_doors_2,
          grunt_runaround_doors_3, grunt_runaround_doors_4,
          grunt_runaround_zot], pan_entry, hell_entry
Hell
Dis:1:    layout_subdivisions, door_vault
Dis:2:    layout_gridville
Dis:3:    layout_gridville
Dis:4:    hangedman_iron_city_apartments, layout_gridville
Dis:5:    hangedman_dis_monolith, layout_regular_city, hangedman_player_shredder
Dis:6:    layout_regular_city
Dis:7:    iron_city_of_dis [dis_mu, dis_wall_8], layout_chaotic_city
Coc:1:    layout_ice_bergs
Coc:2:    layout_ice_bergs
Coc:3:    layout_cocytus_water_paths
Coc:4:    layout_cocytus_water_paths
Coc:5:    layout_cocytus_delve
Coc:6:    layout_ice_bergs
Coc:7:    coc_dpeg
Tar:1:    layout_honeycomb
Tar:2:    layout_catacombs, nicolae_tar_cuneiform_water
Tar:3:    layout_grid_maze
Tar:4:    layout_cathedral_of_symmetry, lemuel_elevator
Tar:5:    grunt_deathspiral_small, layout_cathedral_of_symmetry
Tar:6:    layout_catacombs, nicolae_tar_cuneiform_bird, evilmike_ambush
          [evilmike_ambush_outer_pillars, evilmike_ambush_inner_basic]
Tar:7:    tar_old

Skill      XL: |  1  2  3  4  5  6  7  8  9 10 11 12 13 14 15 16 17 18 19 20 21 22 23 24 25 26 27 |
---------------+----------------------------------------------------------------------------------+-----
Fighting       | 2 5 7 9 10 11 12 13 14 15 16 17 20 | 20.0
Throwing       | 2 |  2.0
Long Blades    | 3 4 5 7 9 10 12 14 15 16 17 19 20 21 22 23 24 | 24.9
Armour         | 1 2 3 5 7 8 10 11 13 14 15 16 17 18 19 22 | 22.6
Dodging        | 3 4 5 6 7 8 10 11 12 13 14 15 16 17 18 19 20 21 24 | 24.0
Shields        | 4 7 9 10 11 12 13 14 15 19 | 19.4
Evocations     | 3 5 7 9 10 12 13 15 | 15.1
Short Blades   | 1 3 |  3.0
Translocations | 2 5 7 8 12 | 12.4
Spellcasting   | 2 5 8 |  8.0
Charms         | 5 7 |  7.0
Air Magic      | 5 7 |  7.0

Action                   |  1- 3 |  4- 6 |  7- 9 | 10-12 | 13-15 | 16-18 | 19-21 | 22-24 | 25-27 || total
-------------------------+-------+-------+-------+-------+-------+-------+-------+-------+-------++-------
Melee: Long sword        |   110 |   123 |   274 |   422 |   206 |       |       |       |       ||  1135
       Falchion          |       |       |   125 |   436 |   146 |       |       |       |       ||   707
       Great sword       |       |       |       |       |  1214 |  1152 |       |       |       ||  2366
       Double sword      |       |       |       |       |       |   388 |  1678 |  1206 |    27 ||  3299
       Demon blade       |       |       |       |       |       |       |       |   786 |  2659 ||  3445
       Eudemon blade     |       |       |       |       |       |       |       |    67 |  1556 ||  1623
       Staff             |       |       |       |       |       |       |       |       |    35 ||    35
Throw: Dart              |       |    29 |    26 |    85 |   112 |    34 |     2 |       |       ||   288
       Throwing net      |       |     3 |     6 |     2 |       |       |       |       |       ||    11
 Cast: Shroud of Golubri |       |       |       |       |       |       |       |       |    63 ||    63
       Blink             |       |       |       |       |       |       |       |       |    21 ||    21
       Song of Slaying   |       |       |       |       |       |       |       |       |    17 ||    17
 Abil: Evoke Invisibilit |       |       |       |       |     2 |    19 |       |       |       ||    21
       Evoke Flight      |       |       |       |       |     2 |    40 |       |       |       ||    42
       Stop Flying       |       |       |       |       |     1 |       |       |       |       ||     1
Evoke: Lightning rod     |       |       |       |     4 |     8 |     9 |    10 |       |       ||    31
       Wand              |       |       |       |    15 |    10 |    19 |    20 |     2 |       ||    66
       Box of beasts     |       |       |       |       |       |     1 |     1 |       |     5 ||     7
       Horn of Geryon    |       |       |       |       |       |       |       |       |     9 ||     9
       Staff of Dispater |       |       |       |       |       |       |       |       |     1 ||     1
  Use: Scroll            |       |     5 |     6 |    16 |    25 |    26 |    17 |     5 |    28 ||   128
       Potion            |       |       |     4 |     7 |     8 |     6 |    10 |     2 |    33 ||    70
 Stab: Held in net/web   |       |     1 |     6 |     2 |       |       |       |       |       ||     9
       Sleeping          |       |       |       |     8 |       |       |       |       |       ||     8
       Confused          |       |       |       |       |     6 |       |     2 |     3 |    16 ||    27
       Distracted        |       |       |       |       |     1 |     1 |     1 |     1 |     7 ||    11
       Invisible         |       |       |       |       |       |    59 |       |       |       ||    59
       Petrified         |       |       |       |       |       |     3 |       |       |     6 ||     9
       Paralysed         |       |       |       |       |       |       |       |    12 |    31 ||    43
       Petrifying        |       |       |       |       |       |       |       |     4 |    14 ||    18
  Eat: Chunk             |     3 |     6 |    17 |    29 |    42 |    47 |    15 |    26 |    14 ||   199
       Ration            |       |       |       |     3 |     4 |     7 |     7 |     2 |    18 ||    41
Armor: Leather armour    |     7 |       |       |    11 |       |       |       |       |       ||    18
       Scale mail        |    29 |    61 |   106 |   170 |       |       |       |       |       ||   366
       Plate armour      |       |       |       |       |   103 |       |       |       |       ||   103
       Crystal plate arm |       |       |       |       |   881 |   847 |   634 |   416 |   774 ||  3552
Dodge: Dodged            |    81 |   108 |   251 |   472 |   932 |  1002 |   745 |   823 |  1909 ||  6323
Block: Buckler           |       |       |       |   172 |    84 |    93 |   364 |       |       ||   713
       Reflection        |       |       |       |       |       |       |    60 |   131 |    27 ||   218
       Kite shield       |       |       |       |       |       |       |   912 |  2062 |  3637 ||  6611
       Rpst.: Long sword |    25 |    31 |    49 |    67 |    30 |       |       |       |       ||   202
       Falchion          |       |       |    20 |    68 |    21 |       |       |       |       ||   109
       Great sword       |       |       |       |       |   179 |   173 |       |       |       ||   352
       Double sword      |       |       |       |       |       |    38 |   139 |    84 |     3 ||   264
       Demon blade       |       |       |       |       |       |       |       |    43 |   162 ||   205
       Eudemon blade     |       |       |       |       |       |       |       |     2 |   106 ||   108
